Map: Korhal Carnage Knockout LE

Players

Fropez

  • Race: Protoss Protoss
  • League: Silver
  • Spawn Location: 12:00

Kerand - Winner!

  • Race: Protoss Protoss
  • League: Silver
  • Spawn Location: 6:00

VOD

Have the link to the VOD?

Description

Time

  • Played on: April 20, 2016, 11:52 a.m.
  • Length: 6:39
Show
View Real Time Build Order
Export as new Build Order

Fropez Protoss 

Build Orders:  

Get SALT Encoding   

  12  0:05  Probe (Chrono Boost)  
  13  0:16  Probe (Chrono Boost)  
  14  0:29  Pylon  
  14  0:37  Pylon  
  14  0:47  Gateway  
  15  0:50  Probe (Chrono Boost)  
  15  1:00  Probe (Chrono Boost)  
  16  1:07  Forge  
  16  1:11  Probe (Chrono Boost)  
  17  1:21  Probe (Chrono Boost)  
  17  1:22  Pylon  
  18  1:39  Probe (Chrono Boost)  
  19  1:41  Zealot (Chrono Boost)  
  21  1:47  Gateway  
  21  1:50  Probe (Chrono Boost)  
  22  2:02  Probe  
  23  2:15  Probe  
  24  2:20  Nexus, Zealot (Chrono Boost)  
  26  2:27  Probe  
  27  2:34  Cybernetics Core  
  27  2:39  Assimilator  
  27  2:43  Probe, Assimilator  
  28  2:49  Zealot (Chrono Boost)  
  30  2:56  Probe  
  30  2:58  Zealot (Chrono Boost)  
  33  3:08  Pylon, Probe  
  34  3:20  Probe  
  35  3:32  Probe  
  35  3:33  Probe  
  35  3:43  Probe  
  35  3:44  Probe  
  37  3:54  Probe, Zealot (Chrono Boost)  
  41  3:56  Probe, Zealot (Chrono Boost)  
  43  4:04  Probe  
  43  4:08  Probe  
  43  4:09  Assimilator  
  45  4:14  Assimilator  
  45  4:15  Probe  
  46  4:21  Warp Gate (Chrono Boost)  
  46  4:22  Probe  
  47  4:26  Stalker  
  47  4:28  Stalker  
  50  4:32  Pylon  
  51  4:38  Probe  
  51  4:39  Photon Cannon  
  51  4:45  Pylon, Probe  
  52  4:56  Stalker  
  52  4:58  Stalker  
  56  5:02  Probe x2, Robotics Facility  
  58  5:12  Probe  
  60  5:14  Probe  
  60  5:21  Gateway  
  59  5:23  Probe  
Show
View Real Time Build Order
Export as new Build Order

Kerand Protoss - Winner!

Build Orders: 1 Gate Expand, Blink Stalkers 

Get SALT Encoding   

  12  0:01  Probe (Chrono Boost)  
  13  0:11  Probe (Chrono Boost)  
  14  0:18  Pylon  
  14  0:22  Probe (Chrono Boost)  
  15  0:37  Gateway  
  15  0:43  Pylon  
  15  0:44  Probe (Chrono Boost)  
  16  0:55  Probe (Chrono Boost)  
  18  1:11  Probe (Chrono Boost)  
  18  1:23  Nexus  
  18  1:26  Probe (Chrono Boost)  
  19  1:36  Cybernetics Core  
  19  1:46  Probe (Chrono Boost)  
  20  1:48  Assimilator  
  20  1:53  Assimilator  
  20  1:56  Probe (Chrono Boost)  
  21  2:11  Probe (Chrono Boost)  
  22  2:21  Probe (Chrono Boost)  
  23  2:28  Adept  
  25  2:32  Probe (Chrono Boost)  
  25  2:35  Probe (Chrono Boost)  
  27  2:40  Warp Gate (Chrono Boost)  
  27  2:42  Probe (Chrono Boost)  
  28  2:45  Probe (Chrono Boost)  
  29  2:53  Probe (Chrono Boost)  
  29  2:54  Twilight Council  
  29  2:56  Probe (Chrono Boost)  
  31  3:02  Pylon  
  31  3:03  Probe (Chrono Boost)  
  32  3:07  Probe (Chrono Boost)  
  33  3:13  Assimilator  
  33  3:14  Probe (Chrono Boost)  
  33  3:17  Probe (Chrono Boost)  
  35  3:24  Probe (Chrono Boost)  
  36  3:28  Probe (Chrono Boost)  
  37  3:35  Probe (Chrono Boost)  
  37  3:38  Probe (Chrono Boost), Gateway  
  37  3:39  Gateway  
  39  3:41  Stalker  
  39  3:45  Blink  
  39  3:48  Probe (Chrono Boost)  
  42  3:49  Probe (Chrono Boost)  
  42  3:52  Gateway  
  43  4:06  Gateway  
  43  4:08  Probe (Chrono Boost)  
  43  4:09  Gateway  
  44  4:13  Probe (Chrono Boost)  
  45  4:18  Probe (Chrono Boost)  
  46  4:44  Stalker  
  46  4:45  Pylon, Stalker  
  48  4:46  Stalker  
  48  4:48  Pylon  
  48  4:50  Pylon  
  52  4:53  Stalker  
  54  5:06  Stalker x2  
  58  5:10  Stalker x3  
  58  5:11  Pylon  
  64  5:14  Pylon  
  64  5:17  Pylon, Stalker  
  66  5:24  Robotics Facility  
  66  5:25  Pylon  
  66  5:32  Stalker x2  
  66  5:34  Stalker  
  66  5:35  Zealot x2  
  74  5:57  Forge  
  66  6:17  Stalker  
  66  6:18  Stalker x4  
  74  6:19  Zealot  
Tags
 
Add a new tag
Caveats
  • Supply blocks, unpowered buildings, or Contaminate may cause inaccurate times.
  • Supply counts are checked every 10 seconds.